 Dungeon Crawl Stone Soup version 0.21-a0-51-gea492e9 (webtiles) character file.

60393 dududu the Slicer (level 14, 0/77 HPs)
             Began as a Vine Stalker Fighter on June 12, 2017.
             Was a High Priest of Uskayaw.
             Slain by an orc warrior
             ... wielding a +0 glaive
              (15 damage)
             ... in a bailey.
             The game lasted 01:53:06 (18998 turns).

dududu the Slicer (Vine Stalker Fighter)           Turns: 18998, Time: 01:53:07

Health: 0/77       AC: 19    Str: 20    XL:     14   Next: 99%
Magic:  0/21       EV:  9    Int:  8    God:    Uskayaw [*****.]
Gold:   751        SH: 11    Dex: 13    Spells: 7/13 levels left

rFire    + + +     SeeInvis .   y - +1 rapier (distort)
rCold    + . .     Gourm    .   c - +0 shield
rNeg     + . .     Faith    .   W - +4 chain mail {rC+}
rPois    +         Spirit   +   P - -2 hat of Bageopp {rF++ Dex-5 Slay+3 Stlth+}
rElec    +         Reflect  .   S - +2 cloak {rF+}
rCorr    +         Harm     .   o - +2 pair of gloves
MR       ++...     Clarity  +   (no boots)
Stlth    +.........             E - amulet of regeneration
Regen    1.5/turn               O - ring of protection from magic
MPRegen  0.2/turn               M - ring "Vugoum" {rCorr rElec rN+}

@: no status effects
A: fangs 3, clarity, poison resistance, regeneration 2, magic shield, antimagic
bite, no potion heal 3, rot immunity
a: Stomp, Line Pass, Grand Finale, Renounce Religion


You were in a bailey.
You worshipped Uskayaw.
Uskayaw was aware of your devotion.
You were hungry.

You visited 4 branches of the dungeon, and saw 20 of its levels.
You visited 1 bazaar.
You also visited: Ossuary, Bailey and Volcano.

You collected 1743 gold pieces.
You spent 992 gold pieces at shops.

Inventory:

Hand Weapons
 y - a +1 rapier of distortion (weapon)
Missiles
 n - 2 throwing nets (quivered)
Armour
 c - a +0 shield (worn)
 o - a +2 pair of gloves (worn)
 P - the -2 hat of Bageopp (worn) {rF++ Dex-5 Slay+3 Stlth+}
   (You found it on level 6 of the Lair of Beasts)

   It affects your dexterity (-5).
   It affects your accuracy and damage with ranged weapons and melee attacks
   (+3).
   It greatly protects you from fire.
   It makes you more stealthy.
 S - a +2 cloak of fire resistance (worn)
 W - a +4 chain mail of cold resistance (worn)
Jewellery
 a - an uncursed ring of see invisible
 t - a +5 ring of strength
 A - an uncursed ring of protection from fire
 B - a +3 ring of evasion
 C - an uncursed ring of positive energy
 E - an amulet of regeneration (around neck)
 M - the ring "Vugoum" (right hand) {rCorr rElec rN+}
   (You bought it in a shop in a bazaar)

   [ring of resist corrosion]

   It insulates you from electricity.
   It protects you from negative energy.
 O - a ring of protection from magic (left hand)
 U - an uncursed ring of resist corrosion
 V - an uncursed ring of protection from magic
Wands
 e - a wand of digging (11/24)
 m - a wand of confusion (11/48)
 w - a wand of lightning (9/15)
 K - a wand of paralysis (1/24)
 Q - a wand of iceblast (6/15)
 Y - a wand of lightning (6/15)
 Z - a wand of digging (12/24)
Scrolls
 g - 3 scrolls of recharging
 j - 9 scrolls of teleportation
 l - 7 scrolls of remove curse
 z - 8 scrolls of amnesia
 J - a scroll of fear
 L - 4 scrolls of fog
 R - 2 scrolls of immolation
Potions
 b - a potion of mutation
 d - 10 potions of might
 i - 15 potions of curing
 r - 2 potions of resistance
 s - a potion of ambrosia
 u - 4 potions of agility
 x - a potion of experience {unknown}
 D - 2 potions of magic
 F - 3 potions of haste
 G - 4 potions of brilliance
 H - 2 potions of berserk rage
 N - 4 potions of flight
 T - a potion of cancellation
 X - 3 potions of lignification
Miscellaneous
 k - a phantom mirror
 p - a fan of gales
 I - a lightning rod (1/4)
Comestibles
 f - 17 bread rations
 h - 25 royal jellies
 q - 17 fruits
 v - 14 meat rations


   Skills:
 - Level 10.7 Fighting
 - Level 14.0 Short Blades
 + Level 7.2 Armour
 + Level 6.4 Dodging
 - Level 5.3 Stealth
 - Level 8.3 Shields
 - Level 9.0 Invocations
 - Level 4.7 Evocations


You had 7 spell levels left.
You knew the following spells:

 Your Spells              Type           Power        Failure   Level  Hunger
a - Blink                 Tloc           N/A          100%        2    ###....
b - Passage of Golubria   Tloc           N/A          100%        4    #####..


Dungeon Overview and Level Annotations

Branches:
Dungeon (12/15)            Temple (1/1) D:5            Lair (6/6) D:9
 Shoals (0/4) Lair:4       Spider (0/4) Lair:3        Slime (0/5) Lair:6
    Orc (1/2) D:12

Altars:
Ashenzari
Cheibriados
Gozag
Hepliaklqana
Kikubaaqudgha
Makhleb
Nemelex Xobeh
Okawaru
Qazlal
Ru
Trog
Uskayaw
Vehumet
Xom
Zin
The Shining One
Jiyva

Shops:
D:6 %

Annotations:
Lair:6 1 runed door
Abyss:1 Harold


Innate Abilities, Weirdness & Mutations

You have razor-sharp teeth.
You heal very quickly.
When hurt, damage is shared between your health and your magic reserves.
Your bite disrupts and absorbs the magic of your enemies.
Potions cannot restore your health.
You are immune to rotting.
You possess an exceptional clarity of mind.
Your system is resistant to poisons. (rPois)


Message History

You hit the orc knight.
Space warps horribly around the orc knight!
You kill the orc knight!
The orc hits you but does no damage. The orc warrior hits you with a glaive!
* * * LOW HITPOINT WARNING * * *
You hit the orc warrior.
Space bends around the orc warrior.
You bite the orc warrior, but do no damage.
The orc warrior is almost dead.
You block the orc warrior's attack. The orc warrior barely misses you.
You can now merge with and destroy a victim.
You closely miss the orc warrior. You bite the orc warrior.
You drain its power.
You feel invigorated.
You kill the orc warrior!
The orc hits you with a halberd.
* * * LOW HITPOINT WARNING * * *
You puncture the orc!
You kill the orc!
You block the orc warrior's attack.
The orc warrior hits you from afar with a glaive!!
You die...

.......
#.....#
#'''''#
##.....##
#.......#
#.)oo...#
#.).))).#
#.)@))..#
#....)..#
##.....##
##'''##
#.....#
#.....#
#.!...#
#...%.#
#.....#


You could see 2 orc warriors.

Vanquished Creatures
  Josephine (D:11)
  Erolcha (D:11)
  2 catoblepae
  7 hydras
  A centaur warrior (D:11)
  An ogre mage (Volcano)
  6 death yaks
  9 two-headed ogres
  A hell knight (Volcano)
  Nergalle (D:11)
  The ghost of Shimatora the Cleaver, a novice DDFi of Makhleb (D:11)
  2 orc knights (Bailey)
  A deep elf mage (D:11)
  An ugly thing (D:11)
  2 manticores
  2 elephants (Lair:4)
  Maurice (D:11)
  3 black mambas
  A torpor snail (Lair:5)
  8 spiny frogs
  2 gargoyles (Volcano)
  2 rime drakes
  6 komodo dragons
  A queen bee (Lair:3)
  3 trolls
  24 blink frogs
  A snapping turtle (Lair:4)
  A meliai zombie (D:12)
  4 hippogriffs
  32 yaks
  A spriggan (D:9)
  4 wraiths (D:11)
  A water elemental (D:12)
  3 wyverns
  A fire bat (Volcano)
  2 hungry ghosts
  12 water moccasins
  2 hornet zombies
  15 orc warriors
  13 porcupines
  2 black bears (D:9)
  4 necrophages
  4 sky beasts
  3 ice beasts
  8 centaurs
  7 ogres
  5 wolves (Lair:1)
  3 phantoms
  11 crocodiles
  5 big kobolds
  6 elf zombies (Ossuary)
  Blork the orc (D:6)
  20 bullfrogs
  2 wyvern zombies
  2 scorpions
  43 killer bees
  2 howler monkeys
  3 electric eels (Lair:6)
  7 lava snakes (Volcano)
  6 crimson imps
  3 quasits
  5 centaur zombies
  A jelly (D:11)
  6 orc priests
  5 hounds
  A bullfrog skeleton (D:11)
  A gnoll shaman (D:7)
  4 centaur skeletons
  2 human zombies (Ossuary)
  4 iguanas
  11 worker ants
  7 orc wizards
  A hound zombie (D:11)
  A hound skeleton (D:7)
  3 mummies (Ossuary)
  A howler monkey zombie (D:9)
  18 gnolls
  17 adders
  A shadow imp (D:8)
  A white imp (D:6)
  An ooze (D:3)
  2 adder zombies
  An adder skeleton (D:9)
  4 worms
  A dart slug (D:1)
  4 leopard geckos
  72 orcs
  4 giant cockroaches
  6 goblins
  4 hobgoblins
  10 jackals
  5 quokkas
  6 bats
  10 frilled lizards
  35 kobolds
  2 leopard gecko zombies
  4 quokka skeletons
  A quokka zombie (D:9)
  10 rats
601 creatures vanquished.

Vanquished Creatures (others)
  A catoblepas (Lair:6)
  A cyclops (D:12)
  A manticore (Lair:6)
  An elephant (Lair:4)
  A black mamba (Lair:6)
  A spiny frog (Lair:5)
  3 yaks
  A wyvern (D:12)
  3 orc warriors
  A scorpion (D:11)
  A hound (D:11)
  A worker ant (D:12)
  2 bushes
  18 fungi
  5 plants
41 creatures vanquished.

Grand Total: 642 creatures vanquished

Notes
Turn   | Place    | Note
-------+----------+-------------------------------------------
     0 | D:1      | dududu the Vine Stalker Fighter began the quest for the Orb.
     0 | D:1      | Reached XP level 1. HP: 11/11 MP: 2/2
    71 | D:1      | Reached skill level 2 in Short Blades
   115 | D:1      | Reached XP level 2. HP: 15/16 MP: 3/3
   624 | D:2      | Reached skill level 3 in Short Blades
   651 | D:2      | Reached XP level 3. HP: 19/19 MP: 4/4
   988 | D:2      | Gained mutation: Your natural rate of healing is unusually fast. [Vine Stalker growth]
   988 | D:2      | Reached XP level 4. HP: 21/23 MP: 3/5
  1216 | D:2      | Reached skill level 4 in Short Blades
  1496 | D:3      | Reached XP level 5. HP: 27/27 MP: 6/6
  1498 | D:3      | Found a bloodstained altar of Trog.
  2056 | D:3      | Reached skill level 5 in Short Blades
  2114 | D:3      | Found a shimmering altar of Xom.
  2278 | D:4      | Noticed an ogre
  2301 | D:4      | Killed an ogre
  2301 | D:4      | Reached XP level 6. HP: 20/32 MP: 4/7
  2487 | D:4      | Reached skill level 6 in Short Blades
  2941 | D:5      | Entered Level 5 of the Dungeon
  2999 | D:5      | Found a staircase to the Ecumenical Temple.
  3013 | Temple   | Entered the Ecumenical Temple
  3029 | Temple   | Became a worshipper of Uskayaw the Reveler
  3074 | D:5      | Reached * piety under Uskayaw
  3076 | D:5      | Reached ** piety under Uskayaw
  3078 | D:5      | Reached XP level 7. HP: 27/35 MP: 8/8
  3215 | D:5      | Reached skill level 7 in Short Blades
  3217 | D:5      | Reached *** piety under Uskayaw
  3221 | D:5      | Reached **** piety under Uskayaw
  3227 | D:5      | Reached ***** piety under Uskayaw
  3236 | D:5      | Found a sand-covered staircase.
  3243 | Ossuary  | Entered an ossuary
  3344 | Ossuary  | Reached skill level 8 in Short Blades
  3375 | Ossuary  | Gained mutation: You have razor-sharp teeth. [Vine Stalker growth]
  3375 | Ossuary  | Reached XP level 8. HP: 39/39 MP: 9/9
  3444 | Ossuary  | Reached skill level 1 in Stealth
  3448 | Ossuary  | Reached skill level 1 in Invocations
  3585 | D:5      | Reached skill level 1 in Dodging
  3933 | D:6      | Noticed Blork the orc
  3945 | D:6      | Killed Blork the orc
  3945 | D:6      | Reached skill level 9 in Short Blades
  4230 | D:6      | Reached XP level 9. HP: 45/45 MP: 11/11
  4267 | D:6      | Found a sacrificial altar of Ru.
  4588 | D:6      | Found a burning altar of Makhleb.
  4588 | D:6      | Found a glowing golden altar of the Shining One.
  4656 | D:6      | Found Ohameoce's Food Shoppe.
  4809 | D:7      | Found an opulent altar of Gozag.
  5135 | D:7      | Reached skill level 5 in Stealth
  5320 | D:7      | Gained mutation: You possess an exceptional clarity of mind. [potion of mutation]
  5320 | D:7      | Gained mutation: Your system is resistant to poisons. (rPois) [potion of mutation]
  5385 | D:7      | Reached skill level 5 in Fighting
  5603 | D:7      | Reached XP level 10. HP: 44/51 MP: 14/14
  5959 | D:8      | Noticed a two-headed ogre
  6088 | D:8      | Noticed a two-headed ogre
  6088 | D:8      | Noticed a two-headed ogre
  6098 | D:8      | Killed a two-headed ogre
  6098 | D:8      | Reached skill level 10 in Short Blades
  6438 | D:8      | Killed a two-headed ogre
  6489 | D:8      | Killed a two-headed ogre
  6864 | D:9      | Noticed a two-headed ogre
  7333 | D:9      | Reached XP level 11. HP: 58/58 MP: 15/15
  7490 | D:9      | Noticed a two-headed ogre
  7506 | D:9      | Killed a two-headed ogre
  7506 | D:9      | Reached skill level 1 in Evocations
  8019 | D:9      | Found a staircase to the Lair.
  8108 | D:9      | Killed a two-headed ogre
  8108 | D:9      | Reached skill level 11 in Short Blades
  8298 | D:10     | Entered Level 10 of the Dungeon
  9061 | D:10     | Reached skill level 5 in Shields
  9287 | D:11     | Noticed a manticore
  9313 | D:11     | Killed a manticore
  9466 | Lair:1   | Entered Level 1 of the Lair of Beasts
  9508 | Lair:1   | Noticed a seven-headed hydra
  9518 | Lair:1   | Killed a seven-headed hydra
  9636 | Lair:1   | Reached skill level 5 in Invocations
  9781 | Lair:1   | Gained mutation: You heal very quickly. [Vine Stalker growth]
  9781 | Lair:1   | Reached XP level 12. HP: 54/63 MP: 14/17
 10169 | Lair:1   | Reached skill level 12 in Short Blades
 11143 | Lair:2   | Noticed a catoblepas
 11180 | Lair:2   | Killed a catoblepas
 11447 | Lair:2   | Noticed an eight-headed hydra
 11458 | Lair:2   | Killed an eight-headed hydra
 11964 | Lair:3   | Noticed a seven-headed hydra
 12148 | Lair:3   | Reached ****** piety under Uskayaw
 12310 | Lair:3   | Killed a seven-headed hydra
 12427 | Lair:3   | Reached XP level 13. HP: 62/70 MP: 17/20
 12436 | Lair:3   | Found a hole to the Spider Nest.
 13183 | Lair:4   | Found a dark tunnel.
 13198 | Volcano  | Entered a volcano
 13513 | Volcano  | Found a bloodstained altar of Trog.
 13534 | Volcano  | Reached skill level 10 in Fighting
 14042 | Lair:4   | Found a staircase to the Shoals.
 14103 | Lair:4   | Got an iridescent dagger
 15367 | Lair:5   | Identified the +6 dagger of the Land of Plenty {holy, Str+4 Stlth+} (You found it on level 4 of the Lair of Beasts)
 15671 | Lair:6   | Entered Level 6 of the Lair of Beasts
 15682 | Lair:6   | Reached skill level 13 in Short Blades
 15682 | Lair:6   | Reached XP level 14. HP: 77/77 MP: 21/21
 15694 | Lair:6   | Found a runed door.
 15695 | Lair:6   | Found a viscous altar of Jiyva.
 15695 | Lair:6   | Noticed an acid blob
 15697 | Lair:6   | Found a staircase to the Slime Pits.
 15697 | Lair:6   | Noticed an acid blob
 16599 | Lair:6   | Reached skill level 14 in Short Blades
 16661 | Lair:6   | Reached skill level 5 in Armour
 16847 | Lair:6   | Got a spiked hat
 16858 | Lair:6   | Identified the -2 hat of Bageopp {rF++ Dex-5 Slay+3 Stlth+} (You found it on level 6 of the Lair of Beasts)
 17244 | D:11     | Noticed Erolcha
 17245 | D:11     | Noticed Nergalle
 17256 | D:11     | Killed Erolcha
 17269 | D:11     | Noticed Shimatora's ghost (novice DDFi)
 17298 | D:11     | Killed Shimatora's ghost
 17451 | D:11     | Noticed Josephine
 17455 | D:11     | Noticed Harold
 17467 | D:11     | Killed Josephine
 17504 | D:11     | Noticed Maurice
 17520 | D:11     | Killed Maurice
 17520 | D:11     | Reached skill level 5 in Dodging
 17857 | D:11     | Banished Harold
 17925 | D:11     | Killed Nergalle
 18236 | D:12     | Found a flickering gateway to a bazaar.
 18247 | Bazaar   | Entered a bazaar
 18247 | Bazaar   | Found Cayt's Antique Weapon Shoppe.
 18247 | Bazaar   | Found Waaqeed's Armour Shoppe.
 18247 | Bazaar   | Found Cuoch's Jewellery Shop.
 18249 | Bazaar   | Found Mejiaq's Weapon Shop.
 18249 | Bazaar   | Found Jarch's Book Emporium.
 18286 | Bazaar   | Bought an uncursed ring of see invisible for 165 gold pieces
 18286 | Bazaar   | Bought a cursed amulet of faith for 407 gold pieces
 18286 | Bazaar   | Bought the ring "Vugoum" {rCorr rElec rN+} for 420 gold pieces
 18602 | D:12     | Learned a level 2 spell: Blink
 18607 | D:12     | Learned a level 4 spell: Passage of Golubria
 18832 | D:12     | Found a staircase to the Orcish Mines.
 18841 | Orc:1    | Entered Level 1 of the Orcish Mines
 18857 | Orc:1    | Found a flagged portal.
 18867 | Bailey   | Entered a bailey
 18998 | Bailey   | Slain by an orc warrior

Vault maps used:
D:1:      lemuel_arrival_tunnels
D:3:      old_standard_altar, tgw_xom
D:4:      first_bread
D:5:      minmay_temple_entry_hall, enter_ossuary_1
D:6:      gammafunk_temple_overflow_elements, nicolae_ru_sacrificial_ziggurat,
          serial_shops, shop, minmay_fire_ice_demons, uniq_blork_the_orc
D:7:      nicolae_whirlpool, basic_altar
D:9:      grunt_lair_entry_orc_guard_hut, the_bakery
D:11:     minmay_opposing_rooms, uniq_josephine, uniq_nergalle, uniq_maurice,
          uniq_erolcha, uniq_harold
D:12:     erik_orc_2, serial_shops, bzr_in_the_mist
Temple:   hc_temple_tempest_star
Lair:2:   st_stairs_4
Lair:3:   spider_nest_entry_web_field
Lair:4:   minmay_shoals_entry_hut, enter_volcano_4
Lair:5:   serial_bayou_shore_a
Lair:6:   evilmike_catoblepas_cave, slime_altar_2,
          nicolae_quartered_pool_medium, st_stairs_7
Orc:1:    orc_temple, serial_shops, nicolae_shop_behind_doors, enter_bailey_2,
          kennysheep_orc_chapel
Bazaar:   bazaar_minmay_generic_island
Ossuary:  ossuary_minmay_four_chambers
Bailey:   bailey_polearm_5, bailey
Volcano:  volcano_lake

Skill      XL: |  1  2  3  4  5  6  7  8  9 10 11 12 13 14 |
---------------+-------------------------------------------+-----
Short Blades   | 2 3 4 5 6 8 9 10 11 12 13 14 | 14.0
Stealth        | 3 5 |  5.3
Invocations    | 2 4 5 9 |  9.0
Fighting       | 3 5 7 9 10 | 10.7
Dodging        | 2 3 6 |  6.4
Armour         | 4 7 |  7.2
Shields        | 3 5 8 |  8.3
Evocations     | 4 |  4.7

Action                   |  1- 3 |  4- 6 |  7- 9 | 10-12 | 13-15 || total
-------------------------+-------+-------+-------+-------+-------++-------
Melee: Rapier            |    80 |   123 |   377 |   380 |   715 ||  1675
       Bite              |    21 |    38 |   167 |   295 |   379 ||   900
       Short sword       |       |       |       |   315 |   184 ||   499
 Fire: Hunting sling     |       |    81 |    63 |    25 |       ||   169
       Blowgun           |       |       |     3 |    96 |       ||    99
Throw: Stone             |     6 |       |     1 |     6 |    18 ||    31
       Throwing net      |       |       |       |     1 |       ||     1
Invok: Stomp             |       |       |     1 |     1 |       ||     2
Evoke: Wand              |     4 |       |     5 |     8 |     7 ||    24
       Lightning rod     |       |       |       |       |     3 ||     3
  Use: Scroll            |       |     9 |     6 |    13 |    19 ||    47
       Potion            |       |       |     1 |     2 |       ||     3
 Stab: Paralysed         |     1 |       |    14 |    28 |    50 ||    93
       Held in net/web   |       |       |       |     1 |       ||     1
       Petrified         |       |       |       |       |     2 ||     2
       Confused          |       |       |       |       |     1 ||     1
       Petrifying        |       |       |       |       |     1 ||     1
  Eat: Chunk             |       |     6 |     8 |    16 |    22 ||    52
       Royal jelly       |       |       |     1 |       |       ||     1
       Meat ration       |       |       |       |     1 |       ||     1
Armor: Scale mail        |    32 |    24 |       |       |       ||    56
       Plate armour      |       |    16 |   149 |   253 |    57 ||   475
       Skin              |       |       |       |    13 |       ||    13
       Chain mail        |       |       |       |       |   235 ||   235
Dodge: Dodged            |    20 |    23 |    39 |   129 |   203 ||   414
Block: Shield            |    33 |    41 |   124 |   291 |   352 ||   841
